 Dungeon Crawl Stone Soup version 0.30-a0-354-g6b83867211 (webtiles) character file.

Game seed: 8866194536013310318

90 Sweetruy1997 the Chopper (level 4, -2/40 HPs)
             Began as a Hill Orc Monk on Nov 8, 2022.
             Killed from afar by Natasha (11 damage)
             ... with a bolt of dispelling energy
             ... on level 2 of the Dungeon.
             The game lasted 00:04:05 (1709 turns).

Sweetruy1997 the Chopper (Hill Orc Monk)            Turns: 1709, Time: 00:04:05

Health: -2/40      AC:  4    Str: 13    XL:     4   Next: 56%
Magic:  4/4        EV: 13    Int: 10    God:
Gold:   101        SH:  0    Dex: 15    Spells: 1/3 levels left

rFire   . . .      SeeInvis .    a - +0 hand axe
rCold   . . .      Faith    .    (no shield)
rNeg    + . .      Spirit   .    b - +0 robe
rPois   .          Reflect  .    (no helmet)
rElec   .          Harm     .    (no cloak)
rCorr   .          Rampage  .    h - +1 pair of gloves
Will    .....                    (no boots)
Stlth   ++........               (no amulet)
HPRegen 0.26/turn                l - ring of positive energy
MPRegen 0.09/turn                (no ring)

@: flying (expiring), hasted (expiring), very quick
A: no striking features
a: no special abilities


You were on level 2 of the Dungeon.
You visited 1 branch of the dungeon, and saw 2 of its levels.

You collected 101 gold pieces.

Inventory:

Hand Weapons
 a - a +0 hand axe (weapon)
Armour
 b - a +0 robe (worn)
 h - a +1 pair of gloves (worn)
Jewellery
 l - a ring of positive energy (left hand)
Wands
 m - a wand of flame (20)
Scrolls
 d - a scroll of enchant armour
 e - 3 scrolls of butterflies
 k - 2 scrolls of teleportation
 n - a scroll of enchant weapon {unknown}
Potions
 o - a potion of curing {unknown}


   Skills:
 - Level 4.0 Fighting
 + Level 5.6 Axes
 + Level 2.7 Dodging
 + Level 2.0 Stealth
 + Level 0.4 Spellcasting
 + Level 0.8 Necromancy


You had one spell level left.
You knew the following spells:

 Your Spells              Type           Power      Damage    Failure   Level
a - Apportation           Tloc           0%         N/A       36%         1
b - Necrotise             Necr           4%         1d4       26%         1

Your spell library contained the following spells:

 Spells                   Type           Power      Damage    Failure   Level
 Summon Small Mammal      Summ           0%         N/A       36%         1
 Gell's Gravitas          Tloc           0%         N/A       73%         3
 Lesser Beckoning         Tloc           0%         N/A       73%         3
 Teleport Other           Tloc           0%         N/A       73%         3


Dungeon Overview and Level Annotations

Branches:
Dungeon (2/15)

Altars:

Annotations:
D:2 Natasha


Message History

You bump into the rock wall.
Natasha mumbles some strange words.
The gnoll hits you with a +0 flail.
* * * LOW HITPOINT WARNING * * *
You feel less invigorated.
You feel less confused.
The crimson imp blinks!
You hit the gnoll.
The gnoll is moderately wounded.
The gnoll closely misses you.
Natasha mumbles some strange words.
You hit the gnoll.
The gnoll is heavily wounded.
The gnoll closely misses you.
Natasha casts a spell.
You hit the gnoll.
The gnoll is severely wounded.
The gnoll barely misses you.
You hit the gnoll.
The gnoll is severely wounded.
The gnoll barely misses you.
You hit the gnoll.
The gnoll is almost dead.
The gnoll barely misses you.
You hit the gnoll.
You kill the gnoll!
Natasha wildly gestures.
Natasha's front paws start to glow.
The crimson imp blinks!
Natasha claws you.
* * * LOW HITPOINT WARNING * * *
It was a potion of haste.
You feel yourself speed up.
The crimson imp blinks!
Natasha casts a spell.
It was a potion of flight.
You feel very buoyant.
You fly up into the air.
You hit Natasha.
Natasha is moderately wounded.
Natasha zaps a wand.
The bolt of dispelling energy hits you!
Your magical effects are unravelling.
You die...

########### #.........#
#.........# #.........#
#.........# #.........#
#.........##################
'..§......5§)5gh@.........>#
#.........##########.#####.##
##################
#........##
#........######......#
#............##.##...#
#.......).##.##......#
#.........##.##..#.#.####
#..........#.##..#.#.#...
#..........#.##..#.#.#.##


You could see an iron imp (summoned), Natasha, a gnoll and a crimson imp
(summoned).

Vanquished Creatures
  3 gnolls (D:2)
  2 adders (D:2)
  A worm (D:2)
  A dart slug (D:2)
  2 ball pythons
  4 endoplasms
  2 goblins
  6 hobgoblins (D:1)
  A kobold (D:2)
  3 quokkas (D:1)
  4 bats
  2 frilled lizards (D:1)
  3 giant cockroaches
  3 rats (D:1)
37 creatures vanquished.

Notes
Turn   | Place    | Note
-------+----------+-------------------------------------------
     0 | D:1      | Sweetruy1997 the Hill Orc Monk began the quest for the Orb.
     0 | D:1      | Reached XP level 1. HP: 19/19 MP: 1/1
   216 | D:1      | Reached XP level 2. HP: 15/27 MP: 2/2
   790 | D:1      | Found a faded altar of an unknown god.
   991 | D:2      | Reached XP level 3. HP: 33/33 MP: 3/3
  1027 | D:2      | Reached skill level 5 in Axes
  1122 | D:2      | Learned a level 1 spell: Apportation
  1124 | D:2      | Learned a level 1 spell: Necrotise
  1598 | D:2      | Reached XP level 4. HP: 25/40 MP: 1/4
  1665 | D:2      | Noticed Natasha
  1709 | D:2      | Killed from afar by Natasha

Illustrated notes

Levels and vault maps discovered:
D:1:      dpeg_arrival_radiant, layout_basic, basic_ecumenical_altar,
          serial_bayou_ford_a
D:2:      layout_basic, fountainhead, minmay_misc_feat_iff, uniq_natasha

Skill      XL: |  1  2  3  4 |
---------------+-------------+-----
Axes           | 5 |  5.6
Fighting       | 4 |  4.0
Stealth        | 2 |  2.0
Dodging        | |  2.7
Spellcasting   | |  0.4
Necromancy     | |  0.8

Action                   |  1- 3 |  4- 6 || total
-------------------------+-------+-------++-------
Melee: Hand axe          |   108 |    25 ||   133
 Cast: Necrotise         |    10 |     2 ||    12
  Use: Scroll            |     5 |       ||     5
       Potion            |       |     3 ||     3
 Stab: Sleeping          |     5 |       ||     5
Armor: Robe              |    27 |     2 ||    29
Dodge: Dodged            |    68 |    26 ||    94

Table legend: (Time is in decaauts)
 A = Elapsed time spent in this place.
 B = Non-inter-level travel time spent in this place.
 C = Inter-level travel time spent in this place.
 D = Time resting spent in this place.
 E = Time spent auto-exploring this place.
 F = Levels seen in this place.
 G = Mean time per level.
                   A        B        C        D        E       F      G
               +--------+--------+--------+--------+--------+-----+--------+
         Total |   1723 |   1700 |     23 |     21 |   1335 |   2 |  861.5 |
       Dungeon |   1723 |   1700 |     23 |     21 |   1335 |   2 |  861.5 |
               +--------+--------+--------+--------+--------+-----+--------+

Top non-repeatable levels by time:
     D:1: 995 daAuts
     D:2: 727 daAuts
